 Dungeon Crawl Stone Soup version 0.30-a0-540-g0af01429fa (webtiles) character file.

Game seed: 8674646483084306492

4 wilfster70 the Digger (level 1, 0/10 HPs)
             Began as a Gargoyle Earth Elementalist on Dec 25, 2022.
             Slain by a quokka (4 damage)
             ... on level 1 of the Dungeon.
             The game lasted 00:02:31 (332 turns).

wilfster70 the Digger (Gargoyle Earth Elementalist)  Turns: 332, Time: 00:02:32

Health: 0/10       AC:  4    Str: 11    XL:     1   Next: 70%
Magic:  1/3        EV:  8    Int: 15    God:
Gold:   62         SH:  0    Dex: 10    Spells: 3/4 levels left

rFire   . . .      SeeInvis .    (no weapon)
rCold   . . .      Faith    .    (no shield)
rNeg    + . .      Spirit   .    a - +0 robe
rPois   ∞          Reflect  .    (no helmet)
rElec   +          Harm     .    (no cloak)
rCorr   .          Rampage  .    (no gloves)
Will    .....                    (no boots)
Stlth   ++                       (no amulet)
HPRegen 0.21/turn                (no ring)
MPRegen 0.08/turn                (no ring)

@: constricted
A: sickness immunity, AC +2, negative energy resistance 1, electricity
resistance, torment resistance 1, petrification resistance
a: no special abilities


You were on level 1 of the Dungeon.
You visited 1 branch of the dungeon, and saw 1 of its levels.

You collected 62 gold pieces.

Inventory:

Armour
 a - a +0 robe (worn)
Scrolls
 i - a scroll of identify {unknown}
 j - a scroll of teleportation {unknown}
Potions
 b - a potion of magic
 c - a potion of might {unknown}
 d - a potion of invisibility {unknown}
 e - a potion of ambrosia {unknown}
 f - a potion of attraction {unknown}
 g - 2 potions of curing {unknown}
 h - a potion of flight {unknown}


   Skills:
 - Level 1.5 Dodging
 - Level 2.1 Stealth
 + Level 2.1 Spellcasting
 - Level 0.7 Transmutations
 * Level 3.9 Earth Magic


You had 3 spell levels left.
You knew the following spells:

 Your Spells              Type           Power      Damage    Failure   Level
a - Sandblast             Erth           26%        2d8       4%          1

Your spell library contained the following spells:

 Spells                   Type           Power      Damage    Failure   Level
 Passwall                 Tmut/Erth      6%         N/A       13%         2
 Foxfire                  Conj/Fire      4%         2x1d4     22%         1
 Stone Arrow              Conj/Erth      14%        3d7       28%         3
 Petrify                  Tmut/Erth      8%         N/A       63%         4
 Fireball                 Conj/Fire      0%         3d3       99%         5
 Starburst                Conj/Fire      0%         6d3       100%        6


Dungeon Overview and Level Annotations

Branches:
Dungeon (1/15)

Altars:


Innate Abilities, Weirdness & Mutations

You are immune to sickness and miasma.
Your stone body is resilient. (AC +2)
You are immune to poison.
You resist negative energy. (rN+)
You are resistant to electric shocks. (rElec)
You are resistant to unholy torment.
You are immune to petrification.


Message History

i - a scroll labelled VUSIQI BEULEH You start resting.
Magic restored.
You open the large door.
There is a large open door here.
Found a scroll labelled TUXOXI IRRIRYR and 10 gold pieces.
There is a large open door here.
Found 5 stones.
j - a scroll labelled TUXOXI IRRIRYR You now have 62 gold pieces (gained 10).
A ball python comes into view.
Found a robe.
Casting: Sandblast (safe; 4% risk of failure)
Confirm with . or Enter, or press ? or * to list all spells.
You can't see any susceptible monsters within range! (Use Z to cast anyway.)
The ball python hisses angrily.
A quokka comes into view.
The ball python bites you but does no damage.
The ball python grabs you. The ball python constricts you.
Casting: Sandblast (safe; 4% risk of failure)
Confirm with . or Enter, or press ? or * to list all spells.
Aiming: Sandblast (safe; 4% risk of failure)
Press: ? - help, Shift-Dir - straight line, f - quokka
Aim: a quokka (75% to hit)
The blast of sand hits the quokka.
The quokka is lightly wounded.
The quokka barely misses you. The ball python closely misses you.
The ball python constricts you.
The quokka bites you but does no damage.
Casting: Sandblast (safe; 4% risk of failure)
Confirm with . or Enter, or press ? or * to list all spells.
Aiming: Sandblast (safe; 4% risk of failure)
Press: ? - help, Shift-Dir - straight line, f/p - quokka
Aim: a quokka (lightly wounded, 75% to hit)
The blast of sand misses the quokka.
The ball python bites you but does no damage.
The ball python constricts you. The quokka barely misses you.
The ball python bites you. The ball python constricts you.
The quokka bites you.
You die...

########'###
##'#######
#........#
#........#
#........########
+........+.......
#.........#....#
##+#.........#
##.##@##...#
#..#[Sr#(..#
##...........
#..#...#....#.
##.##.##.##.# .
... . .. # .#. .
# # .#


You could see a quokka and a ball python.

Vanquished Creatures
  2 bats (D:1)
  2 goblins (D:1)
4 creatures vanquished.

Notes
Turn   | Place    | Note
-------+----------+-------------------------------------------
     0 | D:1      | wilfster70 the Gargoyle Earth Elementalist began the quest
                  | for the Orb.
     0 | D:1      | Reached XP level 1. HP: 10/10 MP: 3/3
   332 | D:1      | Slain by a quokka

Illustrated notes

Levels and vault maps discovered:
D:1:      scummos_arrival_forest, layout_basic, serial_corexii_hall,
          corexii_hall_statues_i, corexii_hall_statues_l, minmay_tromino_v4_b

Action                   || total
-------------------------++-------
 Cast: Sandblast         ||     8
Armor: Robe              ||     5
Dodge: Dodged            ||     3

Table legend: (Time is in decaauts)
 A = Elapsed time spent in this place.
 B = Non-inter-level travel time spent in this place.
 C = Inter-level travel time spent in this place.
 D = Time resting spent in this place.
 E = Time spent auto-exploring this place.
 F = Levels seen in this place.
 G = Mean time per level.
                   A        B        C        D        E       F      G
               +--------+--------+--------+--------+--------+-----+--------+
         Total |    335 |    335 |      0 |     45 |    145 |   1 |  335.0 |
       Dungeon |    335 |    335 |      0 |     45 |    145 |   1 |  335.0 |
               +--------+--------+--------+--------+--------+-----+--------+

Top non-repeatable levels by time:
     D:1: 335 daAuts
